 Dungeon Crawl Stone Soup version 0.21.0-8-gf18e19db4a (webtiles) character file.

344 GordonOverkill the Skirmisher (level 6, -1/57 HPs)
             Began as a Hill Orc Ice Elementalist on Jan 18, 2018.
             Slain by an ogre
             ... wielding a +0 giant club
              (13 damage)
             ... on level 4 of the Dungeon.
             The game lasted 00:08:20 (5880 turns).

GordonOverkill the Skirmisher (HOIE)                Turns: 5880, Time: 00:08:21

Health: -1/57      AC:  4    Str: 16 (18) XL:     6   Next: 58%
Magic:  5/8        EV: 11    Int: 14 (15) God:
Gold:   131        SH:  0    Dex:  8 (11) Spells: 8/8 levels left

rFire    + . .     SeeInvis .   s - +3 dagger (freeze)
rCold    . . .     Gourm    +   (no shield)
rNeg     . . .     Faith    .   y - +1 leather armour {rF+}
rPois    .         Spirit   .   (no helmet)
rElec    .         Reflect  .   (no cloak)
rCorr    .         Harm     .   (no gloves)
MR       .....                  (no boots)
Stlth    +.........             m - amulet of the gourmand
HPRegen  0.19/turn              (no ring)
MPRegen  0.11/turn              (no ring)

@: mighty, very slightly contaminated, heavily drained
A: no striking features
a: no special abilities


You were on level 4 of the Dungeon.
You were hungry.

You visited 1 branch of the dungeon, and saw 4 of its levels.

You collected 131 gold pieces.

Inventory:

Hand Weapons
 s - a +3 dagger of freezing (weapon)
Missiles
 n - a throwing net (quivered)
Armour
 i - a +0 chain mail
 y - a +1 leather armour of fire resistance (worn)
Jewellery
 m - an amulet of the gourmand (around neck)
Wands
 p - a wand of digging (7)
Scrolls
 f - 3 scrolls of identify
 g - a scroll of amnesia
 j - a scroll of fog
 l - a scroll of remove curse
Potions
 r - a potion of curing
 t - a potion of might
 u - a potion of brilliance
 v - 2 potions of cancellation
Books
 b - a book of Frost

   Spells                             Type                      Level
   a - Freeze                         Ice                          1
   b - Throw Frost                    Conjuration/Ice              2
   c - Ozocubu's Armour               Charms/Ice                   3
   d - Throw Icicle                   Conjuration/Ice              4
   e - Summon Ice Beast               Ice/Summoning                4
 k - a book of Misfortune

   Spells                             Type                      Level
   a - Confusing Touch                Hexes                        1
   b - Confuse                        Hexes                        3
   c - Gell's Gravitas                Translocation                3
   d - Petrify                        Transmutation/Earth          4
   e - Metabolic Englaciation         Hexes/Ice                    5
   f - Yara's Violent Unravelling     Hexes/Transmutation          5
 w - a book of Changes

   Spells                             Type                      Level
   a - Beastly Appendage              Transmutation                1
   b - Sticks to Snakes               Transmutation                2
   c - Spider Form                    Transmutation/Poison         3
   d - Ice Form                       Ice/Transmutation            4
   e - Blade Hands                    Transmutation                5
Comestibles
 c - 6 rations
 x - 2 chunks of flesh


   Skills:
 - Level 6.0(4.2) Fighting
 + Level 3.5(1.8) Dodging
 - Level 1.5(0.0) Stealth
 - Level 1.5(0.0) Spellcasting
   Level 1.0(0.0) Conjurations
   Level 2.6(1.0) Ice Magic


You had 8 spell levels left.
You didn't know any spells.

Dungeon Overview and Level Annotations

Branches:
Dungeon (4/15)             Temple (0/1) D:4

Altars:
Vehumet

Shops:
D:4 *


Message History

It is a scroll of amnesia.
Your memory of Freeze unravels.
As you read the scroll labeled LETAHE NOCESOPNI, it crumbles to dust.
The scroll dissolves into smoke.
It was a scroll of fog.
The ogre closely misses you.
As you read the scroll labeled GUMENKOACO, it crumbles to dust.
You feel blessed for a moment.
It was a scroll of remove curse.
The ogre closely misses you.
Unknown command.
As you read the scroll labeled HYOCSO HAACH, it crumbles to dust.
You hear a loud clanging noise!
It was a scroll of noise.
The ogre hits you with a giant club!
* * * LOW HITPOINT WARNING * * *
As you read the scroll labeled FOISSI ZUALL, it crumbles to dust.
It is a scroll of enchant weapon.
Your +2 dagger of freezing glows red for a moment.
You hit the ogre. You freeze the ogre.
The ogre is moderately wounded.
The ogre hits you with a giant club!
You die...

#.....#..........
#.....#.#######..
#.......# #..
#.....### #..
##.....# ####
#......# #...
#§###### ##...
#O#...# ##....
#@#.>.#######..8..
###...#.......#...
#.#.#####..8.∩.8
#####...### ##......
#...#.>.#.####...8..
#...#...#...........
#...#####....###....
#........#.....#....
#........##.........


You could see an ogre.

Vanquished Creatures
  3 killer bees
  4 worker ants (D:4)
  4 adders
  An ooze (D:3)
  An adder skeleton (D:4)
  3 worms
  2 dart slugs
  3 orcs
  4 bats
  3 giant cockroaches
  4 hobgoblins
  6 jackals
  7 kobolds
  5 quokkas
  4 frilled lizards
  4 goblins
  6 rats
64 creatures vanquished.

Notes
Turn   | Place    | Note
-------+----------+-------------------------------------------
     0 | D:1      | GordonOverkill the Hill Orc Ice Elementalist began the quest for the Orb.
     0 | D:1      | Reached XP level 1. HP: 14/14 MP: 3/3
   289 | D:1      | Reached skill level 1 in Fighting
   325 | D:1      | Reached XP level 2. HP: 23/23 MP: 1/4
  1441 | D:1      | Reached skill level 2 in Fighting
  1676 | D:2      | Reached XP level 3. HP: 27/30 MP: 5/5
  2031 | D:2      | Reached skill level 3 in Fighting
  2571 | D:2      | Reached XP level 4. HP: 36/40 MP: 6/6
  2719 | D:2      | Found a radiant altar of Vehumet.
  2765 | D:2      | Reached skill level 4 in Fighting
  3187 | D:2      | Reached skill level 5 in Fighting
  3482 | D:3      | Reached XP level 5. HP: 48/48 MP: 7/7
  4332 | D:3      | Reached XP level 6. HP: 14/57 MP: 1/8
  4802 | D:4      | Reached skill level 6 in Fighting
  4983 | D:4      | Found Fuaqisug's Assorted Antiques.
  5250 | D:4      | Found a staircase to the Ecumenical Temple.
  5382 | D:4      | Noticed a phantom
  5880 | D:4      | Slain by an ogre

Skill      XL: |  1  2  3  4  5  6 |
---------------+-------------------+-----
Fighting       | 1 2 3 5 6 |  6.0
Dodging        | 2 3 |  3.5
Stealth        | |  1.5
Spellcasting   | |  1.5
Conjurations   | |  1.0
Ice Magic      | |  2.6

Action                   |  1- 3 |  4- 6 || total
-------------------------+-------+-------++-------
Melee: Unarmed           |    41 |       ||    41
       Rapier            |    40 |    26 ||    66
       Dagger            |       |    93 ||    93
 Cast: Freeze            |    32 |    43 ||    75
  Use: Potion            |     2 |     6 ||     8
       Scroll            |       |     6 ||     6
 Stab: Sleeping          |     2 |     2 ||     4
  Eat: Chunk             |     5 |     9 ||    14
       Ration            |       |     1 ||     1
Armor: Robe              |    32 |    20 ||    52
Dodge: Dodged            |    86 |    99 ||   185
